Map: Odyssey LE

Players

Rob - Winner!

  • Race: Protoss Protoss
  • League: Grandmaster
  • Spawn Location: 11:00

Jason

  • Race: Terran Terran
  • League: Grandmaster
  • Spawn Location: 5:00

VOD

Have the link to the VOD?

Description

Time

  • Played on: May 14, 2019, 12:42 p.m.
  • Length: 12:46
Show
View Real Time Build Order
Export as new Build Order

Rob Protoss - Winner!

Build Orders: 1 Gate Expand, Phoenix Opening 

Get SALT Encoding   

  12  0:00  Probe  
  13  0:13  Probe  
  14  0:17  Pylon  
  14  0:24  Probe  
  15  0:32  Probe  
  15  0:36  Gateway  
  15  0:40  Probe  
  16  0:47  Assimilator  
  17  0:51  Probe  
  18  1:03  Probe  
  19  1:15  Probe  
  20  1:23  Cybernetics Core  
  20  1:34  Nexus  
  20  1:39  Pylon  
  20  1:43  Probe  
  21  1:50  Adept  
  21  1:51  Assimilator  
  21  1:55  Probe  
  24  2:02  Warp Gate  
  24  2:07  Probe  
  25  2:10  Adept  
  25  2:20  Probe  
  28  2:32  Probe  
  29  2:44  Probe  
  30  2:46  Probe  
  31  2:53  Stargate  
  31  2:56  Probe  
  32  2:58  Probe  
  32  2:59  Stalker  
  35  3:08  Probe  
  35  3:10  Probe  
  37  3:18  Gateway  
  37  3:20  Probe, Gateway  
  37  3:24  Probe  
  39  3:28  Gateway  
  39  3:31  Gateway  
  39  3:34  Probe  
  40  3:35  Phoenix  
  40  3:38  Probe  
  41  3:46  Probe  
  44  3:49  Pylon  
  44  3:51  Probe  
  45  4:02  Phoenix  
  45  4:09  Stalker  
  44  4:11  Probe x2  
  39  4:20  Adept x2  
  39  4:23  Probe, Adept  
  46  4:25  Probe, Adept  
  49  4:33  Probe  
  49  4:36  Probe  
  51  4:40  Phoenix  
  51  4:50  Stalker  
  51  5:05  Probe x2  
  47  5:17  Probe x2  
  47  5:25  Probe x2  
  45  5:33  Probe x2  
  47  5:42  Stalker  
  47  5:43  Probe x2  
  47  5:46  Phoenix  
  53  5:55  Probe  
  54  5:58  Probe  
  54  6:00  Stalker  
  53  6:05  Pylon  
  53  6:06  Twilight Council  
  53  6:11  Forge  
  53  6:23  Nexus  
  53  6:29  Forge  
  53  6:32  Probe  
  54  6:34  Blink  
  54  6:48  Stalker x4  
  62  6:55  Protoss Ground Weapons Level 1  
  62  7:00  Probe x2  
  62  7:08  Assimilator  
  62  7:10  Protoss Ground Armor Level 1  
  62  7:16  Pylon  
  62  7:18  Pylon  
  62  7:28  Gateway  
  62  7:30  Gateway  
  62  7:34  Probe x2  
  62  7:36  Gateway  
  64  7:37  Gateway  
  64  7:41  Zealot x2  
  64  7:44  Sentry x2  
  72  7:57  Stalker  
  74  8:00  Pylon  
  74  8:02  Probe x2  
  76  8:10  Zealot x4  
  84  8:23  Zealot x2  
  84  8:25  Charge  
  88  8:33  Stalker x4  
  96  8:40  Zealot x3  
  99  8:47  Sentry  
  101  8:50  Pylon  
  101  8:51  Pylon  
  101  9:10  Stalker x5  
  98  9:37  Stalker x5  
  98  9:38  Zealot x3  
  110  9:45  Zealot  
  116  9:49  Pylon  
  114  10:09  Shield Battery  
  114  10:10  Shield Battery x2  
  114  10:15  Shield Battery  
  114  10:18  Dark Shrine  
  114  10:20  Gateway  
  98  10:40  Nexus  
Show
View Real Time Build Order
Export as new Build Order

Jason Terran 

Build Orders: Gas First Reaper Expand, Liberator Opening 

Get SALT Encoding   

  12  0:00  SCV  
  13  0:13  SCV  
  14  0:17  Supply Depot  
  14  0:25  SCV  
  14  0:28  Refinery  
  15  0:39  SCV  
  16  0:45  Barracks  
  16  0:51  SCV  
  17  1:03  SCV  
  18  1:15  SCV  
  19  1:32  Reaper, Orbital Command  
  20  1:46  Command Center  
  20  1:58  Factory  
  20  2:01  SCV  
  21  2:10  Barracks Reactor  
  21  2:13  SCV  
  22  2:16  Supply Depot  
  22  2:25  SCV  
  22  2:26  Refinery  
  23  2:38  SCV  
  24  2:44  Starport  
  24  2:51  Hellion x2  
  28  2:53  Barracks Tech Lab  
  28  2:54  SCV  
  29  3:00  Orbital Command  
  29  3:06  Liberator  
  29  3:10  SCV  
  30  3:14  Hellion x2  
  34  3:25  SCV  
  38  3:27  SCV  
  39  3:37  SCV  
  40  3:42  SCV  
  40  3:43  Marine x2  
  40  3:44  Cyclone  
  46  3:50  Supply Depot  
  46  4:12  SCV x2, Marine x2  
  46  4:16  Siege Tank  
  46  4:20  Viking  
  46  4:22  Engineering Bay  
  46  4:24  SCV x2  
  46  4:25  Bunker, Supply Depot  
  46  4:29  Marine x2  
  50  4:38  Barracks  
  50  4:39  SCV, Barracks  
  50  4:40  SCV  
  52  4:47  Refinery  
  52  4:52  Starport Tech Lab  
  52  4:54  SCV  
  52  4:55  Missile Turret x2  
  52  4:59  Factory Reactor  
  52  5:05  Marine  
  37  5:23  Marine  
  37  5:27  SCV  
  38  5:31  Marine  
  39  5:36  SCV  
  39  5:39  SCV  
  39  5:41  Marine  
  40  5:48  SCV  
  39  5:51  SCV  
  37  6:00  SCV, Marine x2  
  40  6:05  SCV  
  41  6:12  Marauder, SCV  
  41  6:13  Marine  
  41  6:18  SCV, Marine  
  46  6:21  Marine  
  46  6:24  SCV  
  49  6:30  SCV  
  49  6:31  Marine  
  49  6:32  Medivac, Marine  
  53  6:37  SCV, Medivac  
  57  6:42  SCV  
  57  6:45  Marine x2  
  60  6:49  SCV  
  60  6:52  Marine  
  62  6:57  Marauder  
  62  7:03  Combat Shield, Marine  
  62  7:04  Stimpack  
  62  7:05  Medivac  
  62  7:07  Factory Reactor  
  65  7:09  SCV  
  65  7:10  SCV  
  65  7:14  Terran Infantry Weapons Level 1  
  67  7:15  Marine  
  67  7:16  Marauder  
  70  7:23  Marine  
  70  7:24  Barracks  
  70  7:26  Barracks  
  70  7:28  Marine  
  72  7:31  SCV  
  72  7:35  SCV  
  72  7:36  Marine  
  75  7:41  Marauder  
  77  7:51  Supply Depot  
  77  7:53  Widow Mine  
  77  7:55  Marine  
  77  7:56  Supply Depot  
  77  7:57  Marine  
  81  7:59  SCV  
  81  8:00  SCV  
  85  8:06  Marauder  
  85  8:08  Marine  
  86  8:13  Widow Mine, Marine  
  86  8:15  Supply Depot  
  89  8:20  Barracks Tech Lab  
  89  8:21  Barracks Tech Lab  
  89  8:22  Concussive Shells  
  89  8:25  SCV x2  
  89  8:27  Marine  
  89  8:35  Marine  
  89  8:36  Marauder  
  89  8:37  SCV x2, Marine  
  94  8:44  Marine  
  95  8:51  Marine  
  95  8:52  Marine  
  88  9:32  Marauder, Marine x3  
  88  9:33  Marine  
  88  9:34  Marauder  
  95  9:49  Marine  
  96  9:53  Marine  
  96  9:54  Marauder  
  82  11:02  Starport Tech Lab  
  78  11:10  Supply Depot  
  73  11:42  Raven  
Tags
 
Add a new tag
Caveats
  • Supply blocks, unpowered buildings, or Contaminate may cause inaccurate times.
  • Supply counts are checked every 10 seconds.